 Dungeon Crawl Stone Soup version 0.21-a0-331-gfb491b4 (webtiles) character file.

1602 tidbits the Charmwright (level 8, 64/64 HPs)
             Began as a Gnoll Skald on Oct 2, 2017.
             Quit the game on level 9 of the Dungeon.
             The game lasted 00:11:48 (2235 turns).

tidbits the Charmwright (Gnoll Skald)               Turns: 2235, Time: 00:11:48

Health: 64/64      AC:  5    Str: 14    XL:     8   Next: 94%
Magic:  26/26      EV: 17    Int: 20    God:
Gold:   204        SH:  0    Dex: 24    Spells: 3/19 levels left

rFire    . . .     SeeInvis +   v - +3 scythe (protect)
rCold    . . .     Gourm    .   (shield currently unavailable)
rNeg     . . .     Faith    .   B - +1 leather armour "Punokloi" {MP+9 Dex+7 SInv} (curse)
rPois    .         Spirit   .   E - +0 helmet
rElec    .         Reflect  .   (no cloak)
rCorr    .         Harm     .   (no gloves)
MR       .....                  (no boots)
Stlth    ++........             (no amulet)
HPRegen  0.20/turn              e - +3 ring of intelligence
MPRegen  0.20/turn              M - ring of loudness (curse)

@: no status effects
A: distributed training, fangs 1, talons 1, agile 1, strong nose
a: no special abilities


You were on level 9 of the Dungeon.
You were hungry.

You visited 2 branches of the dungeon, and saw 10 of its levels.

You collected 204 gold pieces.

Inventory:

Hand Weapons
 a - a +0 hand axe
 o - a +2 flail of holy wrath
   (You found it on level 3 of the Dungeon)
 v - a +3 scythe of protection (weapon)
   (You took it off Sigmund on level 5 of the Dungeon)
 z - a +0 long sword
Missiles
 h - 85 arrows
 D - 3 throwing nets (quivered) {!f}
Armour
 b - a +0 leather armour
 B - the cursed +1 leather armour "Punokloi" (worn) {MP+9 Dex+7 SInv}
   (You found it on level 5 of the Dungeon)

   It affects your dexterity (+7).
   It affects your magic capacity (+9).
   It lets you see invisible.
   It has a curse placed upon it.
 C - a +0 ring mail
 E - a +0 helmet (worn)
 I - a +0 buckler
 K - a +0 troll leather armour
Jewellery
 e - a +3 ring of intelligence (left hand)
   (You found it on level 1 of the Dungeon)
 q - an uncursed amulet of guardian spirit
   (You found it on level 3 of the Dungeon)
 M - a cursed ring of loudness (right hand)
   (You found it on level 8 of the Dungeon)
Wands
 t - a wand of lightning (9/15)
 x - a wand of flame (19/48)
 J - a wand of iceblast (13/15)
Scrolls
 i - 2 scrolls of enchant weapon
 j - 3 scrolls of remove curse {unknown}
 u - a scroll of teleportation {unknown}
 y - a scroll of fog {unknown}
 F - a scroll of magic mapping {unknown}
 H - a scroll of random uselessness {unknown}
Potions
 f - a potion of berserk rage {unknown}
 g - 2 potions of lignification
 k - 4 potions of curing
 n - a potion of heal wounds {unknown}
 p - 3 potions of agility
 r - a potion of magic {unknown}
 s - 2 potions of degeneration {unknown}
 w - 2 potions of flight
 A - a potion of invisibility {unknown}
Books
 c - a book of Battle

   Spells                             Type                      Level
   a - Infusion                       Charms                       1
   b - Shroud of Golubria             Charms/Translocation         2
   c - Song of Slaying                Charms                       2
   d - Spectral Weapon                Hexes/Charms                 3
   e - Regeneration                   Charms/Necromancy            3
 L - a book of Necromancy
   (You found it on level 8 of the Dungeon)

   Spells                             Type                      Level
   a - Pain                           Necromancy                   1
   b - Animate Skeleton               Necromancy                   1
   c - Vampiric Draining              Necromancy                   3
   d - Regeneration                   Charms/Necromancy            3
   e - Animate Dead                   Necromancy                   4
   f - Control Undead                 Necromancy                   4
Comestibles
 d - 2 bread rations
 l - 4 meat rations
 m - 2 fruits
 G - a royal jelly


   Skills:
 + Level 5.9 Fighting
 + Level 3.6 Short Blades
 + Level 3.6 Long Blades
 + Level 5.9 Axes
 + Level 3.6 Maces & Flails
 + Level 3.6 Polearms
 + Level 3.6 Staves
 + Level 3.6 Slings
 + Level 3.6 Bows
 + Level 3.6 Crossbows
 + Level 3.6 Throwing
 + Level 4.5 Armour
 + Level 5.9 Dodging
 + Level 3.6 Stealth
   Level 0.0 Stabbing
 + Level 3.6 Shields
   Level 0.0 Traps
 + Level 3.6 Unarmed Combat
 + Level 6.2 Spellcasting
 + Level 3.6 Conjurations
 + Level 3.6 Hexes
 + Level 7.5 Charms
 + Level 3.6 Summonings
 + Level 3.6 Necromancy
 + Level 3.6 Translocations
 + Level 3.6 Transmutations
 + Level 3.6 Fire Magic
 + Level 3.6 Ice Magic
 + Level 3.6 Air Magic
 + Level 3.6 Earth Magic
 + Level 3.6 Poison Magic
 + Level 3.6 Invocations
 + Level 3.6 Evocations


You had 3 spell levels left.
You knew the following spells:

 Your Spells              Type           Power        Failure   Level  Hunger
g - Shroud of Golubria    Chrm/Tloc      ####......   1%          2    None
i - Infusion              Chrm           ####         1%          1    None
n - Animate Skeleton      Necr           N/A          2%          1    None
r - Regeneration          Chrm/Necr      ####......   3%          3    ##.....
w - Spectral Weapon       Hex/Chrm       ####....     3%          3    ##.....
y - Song of Slaying       Chrm           #####...     1%          2    None
N - Animate Dead          Necr           N/A          28%         4    ####...


Dungeon Overview and Level Annotations

Branches:
Dungeon (9/15)             Temple (1/1) D:4
   Lair: D:8-11         Orc: D:9-12

Altars:
Dithmenos
Elyvilon
Fedhas
Gozag
Hepliaklqana
Kikubaaqudgha
Makhleb
Nemelex Xobeh
Okawaru
Qazlal
Ru
Sif Muna
Uskayaw
Vehumet
Wu Jian
Xom
Yredelemnul
Zin


Innate Abilities, Weirdness & Mutations

Your experience applies equally to all skills.
You have very sharp teeth.
Your uncanny sense of smell can sniff out nearby items.
You have sharp toenails.
You are agile. (Dex +2)


Message History

There is an open door here.
You hit the hound.
Your weapon exudes an aura of protection.
Your kick misses the hound.
The hound is moderately wounded.
The hound barely misses you. The hound bites you but does no damage.
You slash the hound! You claw the hound.
The hound is almost dead.
The hound misses you. The hound bites you but does no damage.
The hound misses you.
Some of the chunks of flesh in your inventory have rotted away.
You closely miss the hound. Your kick misses the hound.
Your bite misses the hound.
The hound is almost dead.
The hound bites you but does no damage. The hound misses you.
The hound barely misses you.
Your leather armour "Punokloi" prevents you from hitting the hound.
You claw the hound, but do no damage.
The hound is almost dead.
The hound closely misses you. The hound completely misses you.
The hound bites you but does no damage.
You miss the hound. You claw the hound.
The hound is almost dead.
The hound closely misses you. The hound barely misses you.
You closely miss the hound. You claw the hound, but do no damage.
You bite the hound, but do no damage.
The hound is almost dead.
The hound closely misses you. The hound bites you but does no damage.
The hound misses you.
You miss the hound.
The hound is almost dead.
The hound bites you. The hound misses you. The hound barely misses you.
You slash the hound!
Your weapon exudes an aura of protection.
You kill the hound!
No target in view!
s - 2 smoky brown potions (gained 1)
There is an open door here.
HP restored.
There is an open door here.
There is an open door here.
There is a stone staircase leading down here.
You climb downwards.
There is a stone staircase leading up here.
You open the door.
There is an open door here.
As you open the door, it creaks loudly!
Found a yellow potion.
All of the chunks of flesh in your inventory have rotted away.
Found a stone staircase leading down.
There is an open door here.
p - 3 yellow potions (gained 1)
There is an open door here.
There is an open door here.
Found a club.
A wyvern comes into view.
The wyvern hisses angrily.
Found 10 gold pieces.
Casting: Spectral Weapon
Confirm with . or Enter, or press ? or * to list all spells.
You draw out your weapon's spirit!
The wyvern misses you. The wyvern closely misses you.
You hit the wyvern but do no damage.
Your weapon exudes an aura of protection.
Your spectral weapon hits the wyvern!!
The wyvern bites your spectral weapon but does no damage.
The wyvern bites your spectral weapon!
Your spectral weapon shares its damage with you!
You barely miss the wyvern. You claw the wyvern, but do no damage.
The wyvern is severely wounded.
Your spectral weapon hits the wyvern.
The wyvern misses your spectral weapon.
The wyvern completely misses your spectral weapon.
The wyvern bites your spectral weapon.
Your spectral weapon shares its damage with you!
You slash the wyvern!
You kill the wyvern!
No target in view!
No target in view!
You open the door.
Found a scroll labeled GEPAM CENE.
There is an open door here.
j - 3 scrolls labeled GEPAM CENE (gained 1)
You swap places.
There is an open door here.
You are feeling hungry.
Found a scroll of identify.
Your spectral weapon fades away.
You now have 204 gold pieces (gained 10).
Autopickup is now off.
You see here a scroll of identify.
As you read the scroll of identify, it crumbles to dust.
p - 3 potions of agility You open the door.
Found a royal jelly.
There is an open door here.
The iron imp shouts, "Back with thee, thou pribbling clay-brained bloater!"
You see here a royal jelly.
G - a royal jelly
Found a potion of curing.
Found a stone staircase leading up.
Are you sure you want to abandon this character and quit the game? (Confirm with "yes".)

########## .........#
.........# .........#
###########'##
########.............
#......#..........###
#......#.######...###
#...@..#.............
#####..#.............
#..############'#
#................
#................
#................
#.##..##.#######.
####..##.# #.
#.............


There were no monsters in sight!

Vanquished Creatures
  A troll (D:8)
  A hippogriff (D:8)
  Sigmund (D:5)
  A wyvern (D:9)
  An orc warrior (D:8)
  A centaur (D:5)
  A scorpion (D:7)
  A howler monkey (D:8)
  2 jellies
  4 hounds
  3 orc priests
  2 bullfrog skeletons (D:7)
  4 worker ants
  Terence (D:2)
  3 gnolls (D:8)
  6 adders
  A shadow imp (D:5)
  A worm (D:2)
  5 leopard geckos
  6 orcs
  3 ball pythons
  3 giant cockroaches
  10 goblins
  5 hobgoblins
  7 jackals
  4 kobolds
  4 quokkas
  6 bats
  5 frilled lizards
  A jackal zombie (D:3)
  A leopard gecko skeleton (D:5)
  3 rats
98 creatures vanquished.

Notes
Turn   | Place    | Note
-------+----------+-------------------------------------------
     0 | D:1      | tidbits the Gnoll Skald began the quest for the Orb.
     0 | D:1      | Reached XP level 1. HP: 20/20 MP: 6/6
    91 | D:1      | Reached XP level 2. HP: 26/26 MP: 4/7
    97 | D:1      | Learned a level 2 spell: Song of Slaying
   100 | D:1      | Learned a level 2 spell: Shroud of Golubria
   144 | D:2      | Noticed Terence
   155 | D:2      | Killed Terence
   155 | D:2      | Reached skill level 5 in Spellcasting
   155 | D:2      | Reached XP level 3. HP: 28/31 MP: 0/9
   160 | D:2      | Learned a level 3 spell: Regeneration
   164 | D:2      | Learned a level 3 spell: Spectral Weapon
   333 | D:2      | Reached skill level 1 in Short Blades
   333 | D:2      | Reached skill level 1 in Long Blades
   333 | D:2      | Reached skill level 1 in Maces & Flails
   333 | D:2      | Reached skill level 1 in Polearms
   333 | D:2      | Reached skill level 1 in Staves
   333 | D:2      | Reached skill level 1 in Slings
   333 | D:2      | Reached skill level 1 in Bows
   333 | D:2      | Reached skill level 1 in Crossbows
   333 | D:2      | Reached skill level 1 in Throwing
   333 | D:2      | Reached skill level 1 in Stealth
   333 | D:2      | Reached skill level 1 in Shields
   333 | D:2      | Reached skill level 1 in Unarmed Combat
   333 | D:2      | Reached skill level 1 in Conjurations
   333 | D:2      | Reached skill level 1 in Hexes
   333 | D:2      | Reached skill level 1 in Summonings
   333 | D:2      | Reached skill level 1 in Necromancy
   333 | D:2      | Reached skill level 1 in Translocations
   333 | D:2      | Reached skill level 1 in Transmutations
   333 | D:2      | Reached skill level 1 in Fire Magic
   333 | D:2      | Reached skill level 1 in Ice Magic
   333 | D:2      | Reached skill level 1 in Air Magic
   333 | D:2      | Reached skill level 1 in Earth Magic
   333 | D:2      | Reached skill level 1 in Poison Magic
   333 | D:2      | Reached skill level 1 in Invocations
   333 | D:2      | Reached skill level 1 in Evocations
   343 | D:2      | Reached XP level 4. HP: 30/38 MP: 6/11
   377 | D:3      | Found a burning altar of Makhleb.
   505 | D:3      | Found a blossoming altar of Fedhas.
   985 | D:4      | Found a staircase to the Ecumenical Temple.
   998 | Temple   | Entered the Ecumenical Temple
  1083 | D:5      | Entered Level 5 of the Dungeon
  1088 | D:5      | Reached XP level 5. HP: 43/43 MP: 6/12
  1097 | D:5      | Noticed Sigmund
  1117 | D:5      | Killed Sigmund
  1117 | D:5      | Reached skill level 3 in Armour
  1117 | D:5      | Reached XP level 6. HP: 19/50 MP: 3/14
  1233 | D:5      | Found a radiant altar of Vehumet.
  1240 | D:5      | Reached skill level 5 in Fighting
  1240 | D:5      | Reached skill level 2 in Short Blades
  1240 | D:5      | Reached skill level 2 in Long Blades
  1240 | D:5      | Reached skill level 5 in Axes
  1240 | D:5      | Reached skill level 2 in Maces & Flails
  1240 | D:5      | Reached skill level 2 in Polearms
  1240 | D:5      | Reached skill level 2 in Staves
  1240 | D:5      | Reached skill level 2 in Slings
  1240 | D:5      | Reached skill level 2 in Bows
  1240 | D:5      | Reached skill level 2 in Crossbows
  1240 | D:5      | Reached skill level 2 in Throwing
  1240 | D:5      | Reached skill level 5 in Dodging
  1240 | D:5      | Reached skill level 2 in Stealth
  1240 | D:5      | Reached skill level 2 in Shields
  1240 | D:5      | Reached skill level 2 in Unarmed Combat
  1240 | D:5      | Reached skill level 2 in Conjurations
  1240 | D:5      | Reached skill level 2 in Hexes
  1240 | D:5      | Reached skill level 2 in Summonings
  1240 | D:5      | Reached skill level 2 in Necromancy
  1240 | D:5      | Reached skill level 2 in Translocations
  1240 | D:5      | Reached skill level 2 in Transmutations
  1240 | D:5      | Reached skill level 2 in Fire Magic
  1240 | D:5      | Reached skill level 2 in Ice Magic
  1240 | D:5      | Reached skill level 2 in Air Magic
  1240 | D:5      | Reached skill level 2 in Earth Magic
  1240 | D:5      | Reached skill level 2 in Poison Magic
  1240 | D:5      | Reached skill level 2 in Invocations
  1240 | D:5      | Reached skill level 2 in Evocations
  1287 | D:5      | Found an ornate altar of the Wu Jian Council.
  1403 | D:5      | Found an iron altar of Okawaru.
  1435 | D:5      | Reached XP level 7. HP: 45/56 MP: 15/15
  1458 | D:5      | Got a warped leather armour
  1469 | D:5      | Identified the cursed +1 leather armour "Punokloi" {MP+9 Dex+7 SInv} (You found it on level 5 of the Dungeon)
  1655 | D:7      | Found a hazy altar of Hepliaklqana.
  1666 | D:7      | Reached skill level 7 in Charms
  1680 | D:7      | Gained mutation: You have sharp toenails. [potion of mutation]
  1680 | D:7      | Gained mutation: You are agile. (Dex +2) [potion of mutation]
  1701 | D:7      | Found a hide-covered altar of Uskayaw.
  1876 | D:8      | Noticed a troll
  1882 | D:8      | Killed a troll
  1882 | D:8      | Reached skill level 4 in Armour
  1882 | D:8      | Reached XP level 8. HP: 63/63 MP: 16/16
  1908 | D:8      | Reached skill level 3 in Short Blades
  1908 | D:8      | Reached skill level 3 in Long Blades
  1908 | D:8      | Reached skill level 3 in Maces & Flails
  1908 | D:8      | Reached skill level 3 in Polearms
  1908 | D:8      | Reached skill level 3 in Staves
  1908 | D:8      | Reached skill level 3 in Slings
  1908 | D:8      | Reached skill level 3 in Bows
  1908 | D:8      | Reached skill level 3 in Crossbows
  1908 | D:8      | Reached skill level 3 in Throwing
  1908 | D:8      | Reached skill level 3 in Stealth
  1908 | D:8      | Reached skill level 3 in Shields
  1908 | D:8      | Reached skill level 3 in Unarmed Combat
  1908 | D:8      | Reached skill level 3 in Conjurations
  1908 | D:8      | Reached skill level 3 in Hexes
  1908 | D:8      | Reached skill level 3 in Summonings
  1908 | D:8      | Reached skill level 3 in Necromancy
  1908 | D:8      | Reached skill level 3 in Translocations
  1908 | D:8      | Reached skill level 3 in Transmutations
  1908 | D:8      | Reached skill level 3 in Fire Magic
  1908 | D:8      | Reached skill level 3 in Ice Magic
  1908 | D:8      | Reached skill level 3 in Air Magic
  1908 | D:8      | Reached skill level 3 in Earth Magic
  1908 | D:8      | Reached skill level 3 in Poison Magic
  1908 | D:8      | Reached skill level 3 in Invocations
  1908 | D:8      | Reached skill level 3 in Evocations
  1953 | D:8      | Noticed a hippogriff
  1957 | D:8      | Found a sacrificial altar of Ru.
  1963 | D:8      | Killed a hippogriff
  1963 | D:8      | Reached skill level 6 in Spellcasting
  1969 | D:8      | Found a shimmering altar of Xom.
  2058 | D:8      | Learned a level 1 spell: Animate Skeleton
  2063 | D:8      | Learned a level 4 spell: Animate Dead
  2174 | D:9      | Noticed a wyvern
  2180 | D:9      | Killed a wyvern
  2217 | D:9      | Noticed a hell beast
  2235 | D:9      | Quit the game

Vault maps used:
D:1:      saegor_arrival_simple_c, minmay_misc_feat_five
D:2:      uniq_terence
D:3:      nicolae_overflow_hidden_temple, lemuel_coloured_pillars_altar,
          lemuel_doored_altar, first_bread
D:4:      minmay_temple_entry_trees, lemuel_flame_loot_1
D:5:      vehumet_altar_wand_db, kennysheep_mini, kennysheep_okawaru_gauntlet,
          uniq_sigmund
D:6:      grunt_temple_overflow_open
D:7:      eat_drink_and_be_merry_uskayaw, nicolae_overflow_crystal_walls,
          uniq_crazy_yiuf_cottage
D:8:      chequers_temple_overflow_statue_of_worship, uniq_psyche
D:9:      marbit_many_paths, lemuel_hellish_altar, uniq_erica
Temple:   jpeg_temple_island

Skill      XL: |  1  2  3  4  5  6  7  8 |
---------------+-------------------------+-----
Spellcasting   | 5 6 |  6.2
Short Blades   | 1 2 3 |  3.6
Long Blades    | 1 2 3 |  3.6
Maces & Flails | 1 2 3 |  3.6
Polearms       | 1 2 3 |  3.6
Staves         | 1 2 3 |  3.6
Slings         | 1 2 3 |  3.6
Bows           | 1 2 3 |  3.6
Crossbows      | 1 2 3 |  3.6
Throwing       | 1 2 3 |  3.6
Stealth        | 1 2 3 |  3.6
Shields        | 1 2 3 |  3.6
Unarmed Combat | 1 2 3 |  3.6
Conjurations   | 1 2 3 |  3.6
Hexes          | 1 2 3 |  3.6
Summonings     | 1 2 3 |  3.6
Necromancy     | 1 2 3 |  3.6
Translocations | 1 2 3 |  3.6
Transmutations | 1 2 3 |  3.6
Fire Magic     | 1 2 3 |  3.6
Ice Magic      | 1 2 3 |  3.6
Air Magic      | 1 2 3 |  3.6
Earth Magic    | 1 2 3 |  3.6
Poison Magic   | 1 2 3 |  3.6
Invocations    | 1 2 3 |  3.6
Evocations     | 1 2 3 |  3.6
Armour         | 3 4 |  4.5
Fighting       | 5 |  5.9
Axes           | 5 |  5.9
Dodging        | 5 |  5.9
Charms         | 7 |  7.5

Action                   |  1- 3 |  4- 6 |  7- 9 || total
-------------------------+-------+-------+-------++-------
Melee: Hand axe          |    61 |    91 |       ||   152
       Bite              |     8 |    11 |     5 ||    24
       Scythe            |       |    28 |    82 ||   110
       Flail             |       |     1 |       ||     1
       Kick              |       |       |    18 ||    18
 Cast: Infusion          |     5 |     2 |       ||     7
       Song of Slaying   |     2 |     9 |     4 ||    15
       Regeneration      |       |     1 |     2 ||     3
       Spectral Weapon   |       |     1 |    10 ||    11
       Shroud of Golubri |       |       |     1 ||     1
Evoke: Wand              |       |     1 |       ||     1
  Use: Potion            |       |     2 |     1 ||     3
       Scroll            |       |     1 |     5 ||     6
 Stab: Sleeping          |       |     1 |     1 ||     2
  Eat: Chunk             |       |     2 |     3 ||     5
Armor: Ring mail         |    15 |    51 |     8 ||    74
       Leather armour    |       |       |    27 ||    27
Dodge: Dodged            |    32 |   113 |   112 ||   257

Table legend:
 A = Spawn XP
 B = Non-spawn XP
 C = Spawn XP percentage of total XP
 D = Spawn monster count
 E = Non-spawn monster count
 F = Spawn count percentage of total count
 G = Total turns spent on level
                    A         B        C        D         E        F      G
               +---------+---------+-------+---------+---------+-------+---------
         Total |       0 |    2289 |   0.0 |       0 |      98 |   0.0 |  2235
               +---------+---------+-------+---------+---------+-------+---------
           D:1 |       0 |      23 |   0.0 |       0 |      15 |   0.0 |   256
           D:2 |       0 |      61 |   0.0 |       0 |      10 |   0.0 |   123
           D:3 |       0 |      60 |   0.0 |       0 |      20 |   0.0 |   392
           D:4 |       0 |      13 |   0.0 |       0 |       6 |   0.0 |   260
           D:5 |       0 |     522 |   0.0 |       0 |      15 |   0.0 |   444
           D:6 |       0 |      14 |   0.0 |       0 |       1 |   0.0 |   128
           D:7 |       0 |     320 |   0.0 |       0 |      15 |   0.0 |   175
           D:8 |       0 |    1055 |   0.0 |       0 |      15 |   0.0 |   301
           D:9 |       0 |     221 |   0.0 |       0 |       1 |   0.0 |    86
               +---------+---------+-------+---------+---------+-------+---------

Table legend:
 A = Turns spent in this place as a percentage of turns spent in the entire game.
 B = Non-inter-level travel turns spent in this place as a percentage of non-inter-level travel turns spent in the entire game.
 C = Inter-level travel turns spent in this place as a percentage of turns spent in this place.
 D = Turns resting spent in this place as a percentage of non-inter-level travel turns spent in this place.
 E = Turns spent auto-exploring this place as a percentage of non-inter-level travel turns spent in this place.
 F = Non-inter-level travel turns spent in this place divided by the number of levels of this place that you've seen.
                   A       B       C       D       E      F
               +-------+-------+-------+-------+-------+----------------------
         Total | 100.0 | 100.0 |   6.6 |   0.0 |   0.0 | 208.8
       Dungeon |  96.9 |  98.2 |   5.3 |   0.0 |   0.0 | 227.9
        Temple |   3.1 |   1.8 |  47.1 |   0.0 |   0.0 |  37.0
               +-------+-------+-------+-------+-------+----------------------

Table legend:
 A = Kills in this place as a percentage of kills in entire the game.
 B = Kills by you in this place as a percentage of kills by you in the entire game.
 C = Kills by friends in this place as a percentage of kills by friends in the entire game.
 D = Other kills in this place as a percentage of other kills in the entire game.
 E = Experience gained in this place as a percentage of experience gained in the entire game.
 F = Experience gained in this place divided by the number of levels of this place that you have seen.
                   A       B       C       D       E      F
               +-------+-------+-------+-------+-------+----------------------
         Total | 100.0 | 100.0 |   N/A |   N/A | 100.0 | 228.9
       Dungeon | 100.0 | 100.0 |   N/A |   N/A | 100.0 | 254.3
               +-------+-------+-------+-------+-------+----------------------

Vault maps used:
D:1:      saegor_arrival_simple_c, minmay_misc_feat_five
D:2:      uniq_terence
D:3:      nicolae_overflow_hidden_temple, lemuel_coloured_pillars_altar,
          lemuel_doored_altar, first_bread
D:4:      minmay_temple_entry_trees, lemuel_flame_loot_1
D:5:      vehumet_altar_wand_db, kennysheep_mini, kennysheep_okawaru_gauntlet,
          uniq_sigmund
D:6:      grunt_temple_overflow_open
D:7:      eat_drink_and_be_merry_uskayaw, nicolae_overflow_crystal_walls,
          uniq_crazy_yiuf_cottage
D:8:      chequers_temple_overflow_statue_of_worship, uniq_psyche
D:9:      marbit_many_paths, lemuel_hellish_altar, uniq_erica
Temple:   jpeg_temple_island
